 Dungeon Crawl Stone Soup version 0.30.0-10-gfe55d96785 (webtiles) character file.

Game seed: 4058326176627720790

361 Gabide the Ducker (level 6, -3/41 (43) HPs)
             Began as an Octopode Gladiator on May 13, 2023.
             Slain by a wight
             ... wielding a +5 mace
              (10 damage)
             ... on level 4 of the Dungeon.
             The game lasted 00:07:35 (3088 turns).

Gabide the Ducker (Octopode Gladiator)              Turns: 3088, Time: 00:07:35

HP:   -3/41 (43)    AC:  1    Str: 13    XL:     6   Next: 66%
MP:   6/6           EV: 15    Int: 11    God:
Gold: 170           SH:  0    Dex: 15    Spells: 5/5 levels left

rFire   . .          .
                       - Unarmed
rCold   . . .        (no shield)
rNeg    . . .        a - +0 hat
rPois   .            (no amulet)
rElec   .            (no ring)
rCorr   .            (no ring)
SInv    .            (no ring)
Will    .....        (no ring)
Stlth   ++           (no ring)
HPRegen 0.26/turn    (no ring)
MPRegen 0.10/turn    (no ring)
                     (no ring)

%: no passive effects
@: lightly drained
A: almost no armour, amphibious, 8 rings, camouflage 1, gelatinous body 1,
(nimble swimmer 1), tentacles
a: no special abilities


You were on level 4 of the Dungeon.
You visited 2 branches of the dungeon, and saw 5 of its levels.

You collected 170 gold pieces.

Inventory:

Armour
 a - a +0 hat (worn)
Scrolls
 b - a scroll of fear {unknown}
 f - a scroll of immolation {unknown}
 i - a scroll of brand weapon
Potions
 d - a potion of brilliance {unknown}
 e - a potion of curing
 g - a potion of mutation {unknown}
 h - a potion of resistance


   Skills:
 + Level 4.1 Fighting
 - Level 2.0 Throwing
 + Level 4.9 Dodging
 + Level 4.8 Unarmed Combat


You had 5 spell levels left.
You didn't know any spells.
Your spell library contained the following spells:

 Spells                   Type           Power      Damage    Failure   Level
 Cigotuvi's Dreadful Rot  Necr/Pois/Air  0%         N/A       47%         2
 Ignite Poison            Fire/Tmut/Pois 0%         N/A       71%         3
 Inner Flame              Hex/Fire       0%         N/A       71%         3
 Flame Wave               Conj/Fire      0%         2d4       98%         4
 Sticky Flame             Conj/Fire      0%         2d3       98%         4
 Freezing Cloud           Conj/Ice/Air   0%         6-21      100%        5


Dungeon Overview and Level Annotations

Branches:
Dungeon (4/15)             Temple (1/1) D:4

Altars:
Dithmenos
Elyvilon
Qazlal
Trog
Uskayaw
Zin
The Shining One


Innate Abilities, Weirdness & Mutations

You cannot wear most types of armour.
You are amphibious.
You can wear up to eight rings at the same time.
Your skin changes colour to match your surroundings (Stealth+).
Your rubbery body absorbs attacks. (AC +1, EV +1)
((You are camouflaged when in or above water. (Stealth+)))
You have tentacles for arms and can constrict up to eight enemies at once.


Message History

A wight comes into view. It is wielding a +0 hand axe.
A wight is nearby!
A wight is nearby!
A wight comes into view. It is wielding a +5 mace.
You barely miss the wight. You grab the wight.
You constrict the wight, but do no damage.
The wight hits you with a +0 hand axe!
You feel drained.
You tentacle-slap the wight but do no damage.
You constrict the wight, but do no damage.
The wight misses you.
You tentacle-slap the wight.
You squeeze the wight, but do no damage.
The wight is moderately damaged.
You constrict the wight, but do no damage.
The wight struggles to escape constriction.
You tentacle-slap the wight but do no damage.
The wight is moderately damaged.
You constrict the wight.
The wight escapes!
You bludgeon the wight!
You destroy the wight!
Your life force feels restored.
You tentacle-slap the wight. Your grab misses the wight.
The wight is moderately damaged.
The wight hits you with a +5 mace.
You barely miss the wight. Your grab misses the wight.
The wight is moderately damaged.
The wight hits you with a +5 mace!
* * * LOW HITPOINT WARNING * * *
You feel drained.
* * * LOW HITPOINT WARNING * * *
Unknown command.
Okay, then.
Throw: javelin
Press: ? - help, Q - select action Shift-Dir - straight line, f - wight
Aim: a wight, wielding a +5 mace and wearing a +0 robe (moderately damaged, 62% to hit)
You throw a javelin.
The javelin hits the wight and shatters, but does no damage.
The wight is moderately damaged.
The wight hits you with a +5 mace!
You die...

#..#.⌠.>.⌠.#
#...##......####
#.###...⌠......#
..#............#
................#
.................#
..................#
...............#
.......@)......#
.....##z########
..... #.# .... ...
#### ... .....
..... .......


You could see a wight.

Vanquished Creatures
  A wight (D:4)
  A jelly (D:4)
  An orc priest (D:3)
  A hound (D:4)
  An iguana (D:4)
  An orc wizard (D:3)
  Robin (D:3)
  2 adders
  A white imp (D:3)
  An ufetubus (D:4)
  4 worms (D:2)
  3 dart slugs
  10 orcs (D:3)
  10 ball pythons
  6 bats
  5 endoplasms
  3 giant cockroaches (D:1)
  12 goblins
  13 hobgoblins
  4 jackals
  2 quokkas
  3 frilled lizards
  A goblin skeleton (D:3)
  2 goblin zombies (D:3)
  A hobgoblin zombie (D:3)
  5 kobolds
  A kobold skeleton (D:3)
  An orc skeleton (D:3)
  2 orc zombies (D:3)
  6 rats
105 creatures vanquished.

Notes
Turn   | Place    | Note
-------+----------+-------------------------------------------
     0 | D:1      | Gabide the Octopode Gladiator began the quest for the Orb.
     0 | D:1      | Reached XP level 1. HP: 14/14 MP: 1/1
   174 | D:1      | Reached XP level 2. HP: 17/19 MP: 2/2
   380 | D:1      | Reached XP level 3. HP: 12/25 MP: 3/3
  1115 | D:2      | Reached XP level 4. HP: 18/30 MP: 4/4
  1783 | D:3      | Found a glowing golden altar of the Shining One.
  2071 | D:3      | Reached XP level 5. HP: 36/36 MP: 5/5
  2561 | D:4      | Reached XP level 6. HP: 43/43 MP: 6/6
  2567 | D:4      | Identified the +2 plate armour of the Forest {Contam MP+9
                  | Dex+5}
  2569 | D:4      | Noticed Robin
  2720 | D:3      | Killed Robin
  2958 | D:4      | Found a staircase to the Ecumenical Temple.
  3028 | Temple   | Entered the Ecumenical Temple
  3088 | D:4      | Slain by a wight

Illustrated notes

Levels and vault maps discovered:
D:1:      minmay_arrival_wavy_path, layout_loops_ring
D:2:      layout_basic
D:3:      layout_basic, nicolae_tso_besieged_by_evil
D:4:      layout_basic, lemuel_doored_altar, worldfamousw_hep_ancestral_shrine,
          temple_fountains, uniq_robin
Temple:   hellmonk_temple_rainy

Skill      XL: |  1  2  3  4  5  6 |
---------------+-------------------+-----
Fighting       | 3 4 |  4.1
Dodging        | 4 |  4.9
Unarmed Combat | 4 |  4.8
Throwing       | |  2.0

Action                     |  1- 3 |  4- 6 || total
---------------------------+-------+-------++-------
  Melee: Unarmed           |    94 |   149 ||   243
         Constrict         |    26 |    49 ||    75
         Tentacles         |    15 |    38 ||    53
         Punch             |     1 |     4 ||     5
  Throw: Throwing net      |     3 |     4 ||     7
         Javelin           |       |     3 ||     3
    Use: Scroll            |       |     9 ||     9
   Stab: Sleeping          |     9 |    10 ||    19
         Held in net/web   |     1 |     1 ||     2
 Armour: Skin              |     6 |     3 ||     9
  Dodge: Dodged            |    57 |   121 ||   178
